 Dungeon Crawl Stone Soup version 0.30-a0-918-g0ff054e9dc (webtiles) character file.

Game seed: 14351025374812752200

76 Pimp the Poker (level 4, -5/32 (34) HPs)
             Began as a Merfolk Gladiator on Mar 20, 2023.
             Slain by Crazy Yiuf
             ... wielding a +2 quarterstaff of chaos
              (7 damage)
             ... on level 2 of the Dungeon.
             The game lasted 00:06:10 (1586 turns).

Pimp the Poker (Merfolk Gladiator)                  Turns: 1586, Time: 00:06:12

HP:   -5/32 (34)    AC:  6    Str: 14    XL:     4   Next: 32%
MP:   4/4           EV: 12    Int:  9    God:
Gold: 1085          SH:  0    Dex: 15    Spells: 3/3 levels left

rFire   + . .      SeeInvis .    a - +0 trident
rCold   . . .      Faith    .    (no shield)
rNeg    . . .      Spirit   .    h - +0 ring mail
rPois   .          Reflect  .    c - +0 helmet
rElec   .          Rampage  .    (no cloak)
rCorr   .                        (no gloves)
Will    .....                    (no boots)
Stlth   +                        (no amulet)
HPRegen 0.00/turn                (no ring)
MPRegen 0.09/turn                (no ring)

@: inhibited regen, drained
A: (nimble swimmer 2), mertail, fire resistance 1, inhibited regeneration
a: no special abilities


You were on level 2 of the Dungeon.
You visited 1 branch of the dungeon, and saw 2 of its levels.

You collected 1085 gold pieces.

Inventory:

Hand Weapons
 a - a +0 trident (weapon)
Missiles
 d - 3 throwing nets (quivered)
 e - a javelin
Armour
 b - a +0 leather armour
 c - a +0 helmet (worn)
 h - a +0 ring mail (worn)
Jewellery
 m - an amulet of faith
Wands
 f - a wand of roots (10)
Scrolls
 g - 2 scrolls of amnesia
 j - a scroll of teleportation
 o - a scroll of vulnerability {unknown}
Potions
 k - a potion of flight


   Skills:
 + Level 2.9 Fighting
 * Level 5.2 Polearms
 + Level 2.5 Throwing
 + Level 4.6 Dodging


You had 3 spell levels left.
You didn't know any spells.
Your spell library contained the following spells:

 Spells                   Type           Power      Damage    Failure   Level
 Magic Dart               Conj           0%         1d3       63%         1
 Searing Ray              Conj           0%         2d4       77%         2
 Fulminant Prism          Conj/Hex       0%         3d5       100%        4


Dungeon Overview and Level Annotations

Branches:
Dungeon (2/15)

Altars:

Annotations:
D:2 Crazy Yiuf


Innate Abilities, Weirdness & Mutations

((You are very nimble when in or above water. (Stealth+, EV+, Speed+++)))
Your lower body shifts to a powerful aquatic tail in water.
Your flesh is heat resistant. (rF+)
You do not regenerate when monsters are visible.


Message History

Crazy Yiuf shouts!
You see here a +0 hammer.
You see here a +0 hammer.
Found three hammers.
You see here a +0 hammer.
As you read the scroll labelled VETETR URRAMAMI, it crumbles to dust.
It is a scroll of amnesia.
You feel forgetful for a moment.
As you read the scroll labelled GAFEMILLEX, it crumbles to dust.
It is a scroll of identify.
k - a potion of flight
As you read the scroll of identify, it crumbles to dust.
n - a potion of mutation Crazy Yiuf flaps his cloak.
As you read the scroll of identify, it crumbles to dust.
j - a scroll of teleportation This is a scroll of acquirement!
Something appears at your feet!
Unknown command.
You now have 1085 gold pieces (gained 1012).
Really quaff the potion of mutation?
You feel extremely strange.
Your regeneration stops near monsters.
You feel resistant to heat.
You open the door.
Crazy Yiuf says, "Nubble broken hog!"
You hit Crazy Yiuf but do no damage. Crazy Yiuf closely misses you.
You hit Crazy Yiuf.
Crazy Yiuf is lightly wounded.
Crazy Yiuf closely misses you.
You puncture Crazy Yiuf!
Crazy Yiuf is heavily wounded.
Crazy Yiuf hits you with a +2 quarterstaff of chaos!
You feel drained.
You hit Crazy Yiuf.
Crazy Yiuf is severely wounded.
Crazy Yiuf hits you with a +2 quarterstaff of chaos!
You are electrocuted!
* * * LOW HITPOINT WARNING * * *
Crazy Yiuf hits you with a +2 quarterstaff of chaos!
You die...

#.....## #.##...###
.####.# #........### .
#.# #..........# .##
#.# ############ ..#
#.# .. #.####♣♣♣♣♣ ..
#.##.#.)♣)♣♣♣ ### .#
#.#...P.)♣))♣#)))#
.####.....P.♣♣♣♣@g)).#
....†....#.♣♣ ♣♣#)))#
.#####.###♣♣ ###
........# ######.##
######.# ### ###
.......# #.# #.#
######## #.# #.# # #.#
#.# #.#


You could see Crazy Yiuf.

Vanquished Creatures
  2 adders (D:2)
  3 dart slugs
  3 bats
  7 endoplasms
  3 giant cockroaches (D:2)
  4 goblins (D:1)
  7 hobgoblins
  2 jackals (D:1)
  3 kobolds (D:1)
  8 ball pythons
  3 frilled lizards (D:1)
  2 rats (D:1)
47 creatures vanquished.

Vanquished Creatures (others)
  A fungus (D:2)
1 creature vanquished.

Grand Total: 48 creatures vanquished

Notes
Turn   | Place    | Note
-------+----------+-------------------------------------------
     0 | D:1      | Pimp the Merfolk Gladiator began the quest for the Orb.
     0 | D:1      | Reached XP level 1. HP: 16/16 MP: 1/1
   147 | D:1      | Found a faded altar of an unknown god.
   158 | D:1      | Reached XP level 2. HP: 23/23 MP: 2/2
   455 | D:1      | Reached XP level 3. HP: 28/28 MP: 3/3
  1011 | D:2      | Reached skill level 5 in Polearms
  1158 | D:2      | Reached XP level 4. HP: 10/34 MP: 4/4
  1571 | D:2      | Found a runed translucent door.
  1572 | D:2      | Noticed Crazy Yiuf
  1579 | D:2      | Identified a scroll of acquirement
  1579 | D:2      | Acquired 1012 gold pieces
  1581 | D:2      | Gained mutation: You do not regenerate when monsters are
                  | visible. [potion of mutation]
  1581 | D:2      | Gained mutation: Your flesh is heat resistant. (rF+)
                  | [potion of mutation]
  1586 | D:2      | Slain by Crazy Yiuf

Illustrated notes

Levels and vault maps discovered:
D:1:      ncdulo_halloftheorcs, layout_loops_ring,
          dilly_ecumenical_altar_fadedgnrine, nicolae_figureground_pulse
D:2:      layout_loops_ring, uniq_crazy_yiuf_cottage

Skill      XL: |  1  2  3 |
---------------+----------+-----
Polearms       | 5 |  5.2
Fighting       | |  2.9
Throwing       | |  2.5
Dodging        | |  4.6

Action                     |  1- 3 |  4- 6 || total
---------------------------+-------+-------++-------
  Melee: Trident           |   115 |    28 ||   143
    Use: Potion            |     1 |     1 ||     2
         Scroll            |       |     5 ||     5
 Armour: Ring mail         |    49 |     6 ||    55
  Dodge: Dodged            |    78 |    26 ||   104

Table legend: (Time is in decaauts)
 A = Elapsed time spent in this place.
 B = Non-inter-level travel time spent in this place.
 C = Inter-level travel time spent in this place.
 D = Time resting spent in this place.
 E = Time spent auto-exploring this place.
 F = Levels seen in this place.
 G = Mean time per level.
                   A        B        C        D        E       F      G
               +--------+--------+--------+--------+--------+-----+--------+
         Total |   1594 |   1542 |     52 |     93 |   1068 |   2 |  797.0 |
       Dungeon |   1594 |   1542 |     52 |     93 |   1068 |   2 |  797.0 |
               +--------+--------+--------+--------+--------+-----+--------+

Top non-repeatable levels by time:
     D:1: 941 daAuts
     D:2: 652 daAuts
